BR
GILBERT FIRE FIGHTERS @ WASHINGTON DC HOT SAUCE
07/22/2026
 
TOP OF THE 1ST
Gilbert Fire Fighters batting - Pitching for Washington DC Hot Sauce : RHP Maurice Green
Pitching: RHP Maurice Green
Batting: RHB Ángel Serrano 0-0: Foul Ball, location: 2F
0-1: Foul Ball, location: 2F
0-2: Ball
1-2: Fly out, F6 (Popup, 6M)
Batting: RHB Edgardo Castro 0-0: Swinging Strike
0-1: Ball
1-1: SINGLE (Groundball, 56D)
Batting: RHB Stan Simpson 0-0: Foul Ball, location: 2F
0-1: Called Strike
0-2: Ball
1-2: Hit by Pitch
Edgardo Castro to second
Batting: RHB William Wilson 0-0: Called Strike
0-1: Ball
1-1: Foul Ball, location: 2F
1-2: Strikes out swinging
Batting: LHB Jim Knight 0-0: Ball
1-0: SINGLE (Groundball, 6M)
Edgardo Castro to third
Stan Simpson to second
Runner from 3rd tries for Home, SAFE, no throw or cutoff
Batting: RHB Andrés Silva 0-0: Ball
1-0: SINGLE (Line Drive, 6MD)
Stan Simpson to third
Jim Knight to second
Runner from 3rd tries for Home, SAFE, no throw or cutoff
Batting: RHB Ed Keesee 0-0: Fly out, F8 (Flyball, 8LM)
Top of the 1st over - 2 run(s), 3 hit(s), 0 error(s), 2 left on base; Gilbert 2 - Washington DC 0
BOTTOM OF THE 1ST
Washington DC Hot Sauce batting - Pitching for Gilbert Fire Fighters : RHP Steve Bigham
Pitching: RHP Steve Bigham
Batting: RHB Javier González 0-0: Ball
1-0: Ball
2-0: Ball
3-0: Base on Balls
Batting: LHB John White 0-0: Fly out, F9 (Flyball, 89M)
Batting: SHB Tony Varela 0-0: Foul Ball, location: 2F
0-1: SINGLE (Line Drive, 56D)
Javier González to second
Batting: LHB Arturo Silva 0-0: Ball
1-0: Called Strike
1-1: Fly out, F4 (Line Drive, 4)
Batting: RHB Jake Reeves 0-0: Ball
1-0: Called Strike
1-1: Ball
2-1: Foul Ball, location: 2F
2-2: Ground out 6-3 (Groundball, 6)
Bottom of the 1st over - 0 run(s), 1 hit(s), 0 error(s), 2 left on base; Gilbert 2 - Washington DC 0
TOP OF THE 2ND
Gilbert Fire Fighters batting - Pitching for Washington DC Hot Sauce : RHP Maurice Green
Batting: RHB José Hernández 0-0: Ball
1-0: Ball
2-0: Foul Ball, location: 2F
2-1: Ball
3-1: Foul Ball, location: 2F
3-2: Foul Ball, location: 2F
3-2: Strikes out swinging
Batting: RHB Archie Summers 0-0: Ball
1-0: Ground out 5-3 (Groundball, 5L)
Batting: RHB Ángel Serrano 0-0: SOLO HOME RUN (Flyball, 7LD), Distance : 344 ft
Batting: RHB Edgardo Castro 0-0: Ball
1-0: Swinging Strike
1-1: Ground out 6-3 (Groundball, 56)
Top of the 2nd over - 1 run(s), 1 hit(s), 0 error(s), 0 left on base; Gilbert 3 - Washington DC 0
BOTTOM OF THE 2ND
Washington DC Hot Sauce batting - Pitching for Gilbert Fire Fighters : RHP Steve Bigham
Batting: RHB Conner Riley 0-0: Ball
1-0: Ball
2-0: Fly out, F7 (Flyball, 78M)
Batting: RHB Matt O'Rourke 0-0: Called Strike
0-1: Ball
1-1: Ball
2-1: Foul Ball, location: 2F
2-2: Foul Ball, location: 2F
2-2: Ball
3-2: Ground out 6-3 (Groundball, 6MS)
Batting: RHB Will David 0-0: Called Strike
0-1: Ball
1-1: Ball
2-1: Ball
3-1: Base on Balls
Batting: LHB Esteban Zamora 0-0: Fly out, F6 (Popup, 6MD)
Bottom of the 2nd over - 0 run(s), 0 hit(s), 0 error(s), 1 left on base; Gilbert 3 - Washington DC 0
TOP OF THE 3RD
Gilbert Fire Fighters batting - Pitching for Washington DC Hot Sauce : RHP Maurice Green
Batting: RHB Stan Simpson 0-0: Ball
1-0: Foul Ball, location: 2F
1-1: Ball
2-1: Ball
3-1: Called Strike
3-2: Foul Ball, location: 2F
3-2: Ground out 5-3 (Groundball, 5)
Batting: RHB William Wilson 0-0: Swinging Strike
0-1: Called Strike
0-2: Ball
1-2: Strikes out swinging
Batting: LHB Jim Knight 0-0: Ball
1-0: Called Strike
1-1: Called Strike
1-2: Ball
2-2: Foul Ball, location: 2F
2-2: Foul Ball, location: 2F
2-2: Strikes out swinging
Top of the 3rd over - 0 run(s), 0 hit(s), 0 error(s), 0 left on base; Gilbert 3 - Washington DC 0
BOTTOM OF THE 3RD
Washington DC Hot Sauce batting - Pitching for Gilbert Fire Fighters : RHP Steve Bigham
Batting: RHB Javier González 0-0: Ball
1-0: Bunt missed!
1-1: Ball
2-1: Foul Ball, location: 2F
2-2: SINGLE (Groundball, 5D)
Batting: LHB John White 0-0: 2-RUN HOME RUN (Flyball, 7LD), Distance : 352 ft
Batting: SHB Tony Varela 0-0: Ball
1-0: Ball
2-0: Ball
3-0: Called Strike
3-1: Base on Balls
Batting: LHB Arturo Silva 0-0: Ball
1-0: Swinging Strike
1-1: Ball
2-1: Called Strike
2-2: Foul Ball, location: 2F
2-2: Strikes out looking
Batting: RHB Jake Reeves 0-0: Ball
1-0: Called Strike
1-1: Ball
2-1: Swinging Strike
2-2: Fly out, F8 (Popup, 8LS)
Batting: RHB Conner Riley 0-0: Ball
1-0: Foul Ball, location: 2F
1-1: Ball
2-1: Called Strike
2-2: Strikes out swinging
Bottom of the 3rd over - 2 run(s), 2 hit(s), 0 error(s), 1 left on base; Gilbert 3 - Washington DC 2
TOP OF THE 4TH
Gilbert Fire Fighters batting - Pitching for Washington DC Hot Sauce : RHP Maurice Green
Batting: RHB Andrés Silva 0-0: Ball
1-0: Swinging Strike
1-1: Ball
2-1: Foul Ball, location: 2F
2-2: Strikes out looking
Batting: RHB Ed Keesee 0-0: Foul Ball, location: 2F
0-1: Ball
1-1: Fly out, F7 (Flyball, 78M)
Batting: RHB José Hernández 0-0: Ball
1-0: Foul Ball, location: 2F
1-1: Ball
2-1: Ball
3-1: Foul Ball, location: 2F
3-2: Strikes out swinging
Top of the 4th over - 0 run(s), 0 hit(s), 0 error(s), 0 left on base; Gilbert 3 - Washington DC 2
BOTTOM OF THE 4TH
Washington DC Hot Sauce batting - Pitching for Gilbert Fire Fighters : RHP Steve Bigham
Batting: RHB Matt O'Rourke 0-0: SINGLE (Groundball, 56D)
Batting: RHB Will David 0-0: Swinging Strike
0-1: Called Strike
0-2: Ball
1-2: Strikes out swinging
Batting: LHB Esteban Zamora 0-0: Called Strike
0-1: Ball
1-1: Ball
2-1: Ball
3-1: Fly out, F8 (Flyball, 8LM)
Batting: RHB Javier González 0-0: Called Strike
0-1: Foul Ball, location: 2F
0-2: Ball
1-2: Ball
Matt O'Rourke steals 2nd base
2-2: Ball
Wild Pitch!
Matt O'Rourke to third
3-2: Base on Balls
Batting: LHB John White 0-0: Foul Ball, location: 2F
0-1: Ball
1-1: Called Strike
1-2: Foul Ball, location: 2F
1-2: Ball
2-2: Foul Ball, location: 2F
2-2: Foul Ball, location: 2F
2-2: Foul Ball, location: 2F
2-2: Ball
3-2: Base on Balls
Javier González to second
Batting: SHB Tony Varela 0-0: Ball
1-0: Fly out, F9 (Flyball, 89M)
Bottom of the 4th over - 0 run(s), 1 hit(s), 0 error(s), 3 left on base; Gilbert 3 - Washington DC 2
TOP OF THE 5TH
Gilbert Fire Fighters batting - Pitching for Washington DC Hot Sauce : RHP Maurice Green
Batting: RHB Archie Summers 0-0: Called Strike
0-1: SINGLE (Line Drive, 89S)
Batting: RHB Ángel Serrano 0-0: Called Strike
0-1: Ball
1-1: Foul Ball, location: 2F
1-2: Foul Ball, location: 2F
1-2: Reached on error, E5 (Groundball, 5)
Archie Summers to second
Batting: RHB Edgardo Castro 0-0: Fly out, F8 (Flyball, 8RM)
Batting: RHB Stan Simpson 0-0: Foul Ball, location: 2F
0-1: Called Strike
0-2: Ball
1-2: Ball
2-2: Ball
3-2: Strikes out swinging
Batting: RHB William Wilson 0-0: Ball
1-0: Foul Ball, location: 2F
1-1: Swinging Strike
1-2: Foul Ball, location: 2F
1-2: Strikes out swinging
Top of the 5th over - 0 run(s), 1 hit(s), 1 error(s), 2 left on base; Gilbert 3 - Washington DC 2
BOTTOM OF THE 5TH
Washington DC Hot Sauce batting - Pitching for Gilbert Fire Fighters : RHP Steve Bigham
Batting: LHB Arturo Silva 0-0: Ball
1-0: Ball
2-0: Called Strike
2-1: Swinging Strike
2-2: Strikes out swinging
Batting: RHB Jake Reeves 0-0: Fly out, F9 (Flyball, 9M)
Batting: RHB Conner Riley 0-0: Foul Ball, location: 2F
0-1: Swinging Strike
0-2: Ball
1-2: Strikes out looking
Bottom of the 5th over - 0 run(s), 0 hit(s), 0 error(s), 0 left on base; Gilbert 3 - Washington DC 2
TOP OF THE 6TH
Gilbert Fire Fighters batting - Pitching for Washington DC Hot Sauce : RHP Maurice Green
Pitching: RHP Carlos Flores
Batting: LHB Jim Knight 0-0: TRIPLE (Line Drive, 7LM)
Batting: RHB Andrés Silva 0-0: Ball
1-0: Swinging Strike
1-1: Fly out, F8 (Flyball, 8RM)
Runner from 3rd tags up, SCORES, throw made
Batting: RHB Ed Keesee 0-0: Ball
1-0: Called Strike
1-1: Fly out, F9 (Flyball, 9S)
Batting: RHB José Hernández 0-0: Ball
1-0: Called Strike
1-1: Ball
2-1: Foul Ball, location: 2F
2-2: Strikes out swinging
Top of the 6th over - 1 run(s), 1 hit(s), 0 error(s), 0 left on base; Gilbert 4 - Washington DC 2
BOTTOM OF THE 6TH
Washington DC Hot Sauce batting - Pitching for Gilbert Fire Fighters : RHP Steve Bigham
Batting: RHB Matt O'Rourke 0-0: Ball
1-0: Swinging Strike
1-1: SINGLE (Groundball, 56)
Batting: RHB Will David 0-0: Ball
1-0: Ball
2-0: Swinging Strike
2-1: Fly out, F9 (Line Drive, 9M)
Pitching: RHP Armando Rodríguez
Batting: LHB Esteban Zamora 0-0: Called Strike
Throwing error on steal attempt, E2
Matt O'Rourke to third
0-1: Fly out, F7 (Flyball, 7LSF)
Runner from 3rd tags up, SCORES, no throw
Batting: RHB Javier González 0-0: Ball
1-0: Ball
2-0: Ground out 2-3 (Groundball, 2L)
Bottom of the 6th over - 1 run(s), 1 hit(s), 1 error(s), 0 left on base; Gilbert 4 - Washington DC 3
TOP OF THE 7TH
Gilbert Fire Fighters batting - Pitching for Washington DC Hot Sauce : RHP Carlos Flores
Batting: RHB Archie Summers 0-0: Called Strike
0-1: Ball
1-1: Called Strike
1-2: Strikes out looking
Batting: RHB Ángel Serrano 0-0: SINGLE (Line Drive, 3D)
Batting: RHB Edgardo Castro 0-0: Foul Ball, location: 2F
0-1: Ball
1-1: Ball
2-1: Foul Ball, location: 2F
2-2: Foul Ball, location: 2F
2-2: Fly out, F9 (Flyball, 9M)
Batting: RHB Stan Simpson 0-0: Ball
1-0: Ground out 5-3 (Groundball, 5S)
Top of the 7th over - 0 run(s), 1 hit(s), 0 error(s), 1 left on base; Gilbert 4 - Washington DC 3
BOTTOM OF THE 7TH
Washington DC Hot Sauce batting - Pitching for Gilbert Fire Fighters : RHP Armando Rodríguez
Batting: LHB John White 0-0: Ball
1-0: Ground out U3 (Groundball, 3S)
Batting: SHB Tony Varela 0-0: Foul Ball, location: 2F
0-1: Ball
1-1: Foul Ball, location: 2F
1-2: Strikes out swinging
Batting: LHB Arturo Silva 0-0: Ball
1-0: Ball
2-0: Called Strike
2-1: Foul Ball, location: 2F
2-2: Ground out 4-3 (Groundball, 4)
Bottom of the 7th over - 0 run(s), 0 hit(s), 0 error(s), 0 left on base; Gilbert 4 - Washington DC 3
TOP OF THE 8TH
Gilbert Fire Fighters batting - Pitching for Washington DC Hot Sauce : RHP Carlos Flores
Pitching: RHP Pat Hanna
Batting: RHB William Wilson 0-0: Ball
1-0: Ball
2-0: SINGLE (Line Drive, 4D)
Batting: LHB Jim Knight 0-0: Called Strike
0-1: Ball
1-1: Swinging Strike
1-2: Strikes out swinging
Batting: RHB Andrés Silva 0-0: Grounds into double play, 6-4-3 (Groundball, 6)
Top of the 8th over - 0 run(s), 1 hit(s), 0 error(s), 0 left on base; Gilbert 4 - Washington DC 3
BOTTOM OF THE 8TH
Washington DC Hot Sauce batting - Pitching for Gilbert Fire Fighters : RHP Armando Rodríguez
Batting: RHB Jake Reeves 0-0: Swinging Strike
0-1: Swinging Strike
0-2: Strikes out swinging
Batting: RHB Conner Riley 0-0: Foul Ball, location: 2F
0-1: Ball
1-1: Foul Ball, location: 2F
1-2: Foul Ball, location: 2F
1-2: Ground out 5-3 (Groundball, 56S)
Batting: RHB Matt O'Rourke 0-0: Foul Ball, location: 2F
0-1: Fly out, F6 (Popup, 6)
Bottom of the 8th over - 0 run(s), 0 hit(s), 0 error(s), 0 left on base; Gilbert 4 - Washington DC 3
TOP OF THE 9TH
Gilbert Fire Fighters batting - Pitching for Washington DC Hot Sauce : RHP Pat Hanna
Batting: RHB Ed Keesee 0-0: Ball
1-0: Ball
2-0: Foul Ball, location: 2F
2-1: Ball
3-1: SINGLE (Groundball, 15) (infield hit)
Batting: RHB José Hernández 0-0: Sac Bunt - play at first, batter OUT! 1-3
Ed Keesee to second
Batting: RHB Archie Summers 0-0: Foul Ball, location: 2F
0-1: Swinging Strike
0-2: Strikes out swinging
Batting: RHB Ángel Serrano 0-0: Ball
1-0: Ball
2-0: Foul Ball, location: 2F
2-1: Swinging Strike
2-2: Foul Ball, location: 2F
2-2: Strikes out swinging
Top of the 9th over - 0 run(s), 1 hit(s), 0 error(s), 1 left on base; Gilbert 4 - Washington DC 3
BOTTOM OF THE 9TH
Washington DC Hot Sauce batting - Pitching for Gilbert Fire Fighters : RHP Armando Rodríguez
Pinch Hitting: LHB Roderick Delgado 0-0: Swinging Strike
0-1: Foul Ball, location: 2F
0-2: Fly out, F7 (Flyball, 7M)
Batting: LHB Esteban Zamora 0-0: Fly out, F8 (Flyball, 8LM)
Batting: RHB Javier González 0-0: Fly out, F8 (Flyball, 8LM)
Bottom of the 9th over - 0 run(s), 0 hit(s), 0 error(s), 0 left on base; Gilbert 4 - Washington DC 3
Monday, December 5th, 2016 - OOTP Baseball 17.12 Build 75